 Dungeon Crawl Stone Soup version 0.22.1-2-g9c5b331383 (webtiles) character file.

6710 LunaticDancer the Nimble (level 10, -5/47 HPs)
             Began as a Spriggan Venom Mage on Nov 23, 2018.
             Was an Elder of Dithmenos.
             Killed from afar by a deep elf mage (23 damage)
             ... with a bolt of magma
             ... on level 1 of the Elven Halls.
             The game lasted 02:19:30 (14554 turns).

LunaticDancer the Nimble (Spriggan Venom Mage)     Turns: 14554, Time: 02:19:30

Health: -5/47      AC:  4    Str:  4    XL:     10   Next: 74%
Magic:  13/33      EV: 27    Int: 20    God:    Dithmenos [****..]
Gold:   751        SH:  0    Dex: 17    Spells: 12/28 levels left

rFire    . . .     SeeInvis +   u - +0 trident
rCold    . . .     Gourm    .   (shield currently unavailable)
rNeg     . . .     Faith    .   a - +0 robe
rPois    .         Spirit   .   (helmet restricted)
rElec    .         Reflect  .   (no cloak)
rCorr    .         Harm     .   (gloves unavailable)
MR       +....                  (boots unavailable)
Stlth    ++++......             p - amulet of the acrobat
HPRegen  0.15/turn              q - +2 ring of protection
MPRegen  0.23/turn              r - ring of magical power

@: wreathed by umbra, very quick
A: very small, unfitting armour, see invisible, herbivore, speed 3, slow
metabolism 2
a: Shadow Step, Renounce Religion


You were on level 1 of the Elven Halls.
You worshipped Dithmenos.
Dithmenos was greatly pleased with you.
You were hungry.

You visited 4 branches of the dungeon, and saw 13 of its levels.

You collected 751 gold pieces.

Inventory:

Hand Weapons
 e - a +0 whip
 u - a +0 trident (weapon)
 A - a +3 blowgun
Missiles
 B - 10 poisoned needles
Armour
 a - a +0 robe (worn)
 D - a +0 shield
Jewellery
 p - an amulet of the acrobat (around neck)
 q - a +2 ring of protection (left hand)
 r - a ring of magical power (right hand)
 s - an uncursed ring of poison resistance {unknown}
 v - an uncursed ring of positive energy {unknown}
Wands
 o - a wand of paralysis (10)
 t - a wand of polymorph (20)
Scrolls
 d - 2 scrolls of enchant weapon {unknown}
 g - 10 scrolls of identify {unknown}
 h - 4 scrolls of teleportation {unknown}
 j - a scroll of blinking {unknown}
 k - 3 scrolls of remove curse {unknown}
 l - a scroll of enchant armour {unknown}
 n - 4 scrolls of immolation {unknown}
 x - a scroll of amnesia {unknown}
 y - a scroll of acquirement {unknown}
 z - a scroll of noise {unknown}
Potions
 b - 2 potions of resistance {unknown}
 f - 2 potions of haste {unknown}
 i - 3 potions of curing
 m - 2 potions of berserk rage {unknown}
 w - 2 potions of heal wounds {unknown}
 C - a potion of flight {unknown}
Comestibles
 c - 15 rations


   Skills:
 + Level 2.5 Fighting
 * Level 4.7 Polearms
 * Level 11.0 Dodging
 + Level 4.3 Stealth
 + Level 9.5 Spellcasting
 + Level 3.0 Conjurations
 + Level 5.3 Air Magic
 + Level 7.4 Poison Magic


You had 12 spell levels left.
You knew the following spells:

 Your Spells              Type           Power        Failure   Level  Hunger
a - Sting                 Conj/Pois      ####         1%          1    None
b - Poisonous Vapours     Pois/Air       #####.       1%          2    None
c - Mephitic Cloud        Conj/Pois/Air  ####....     2%          3    None
d - Venom Bolt            Conj/Pois      ####......   24%         5    #####..
e - Olgreb's Toxic Radia  Pois           #####...     3%          4    ##.....
f - Shock                 Conj/Air       ####         1%          1    None

Your spell library contained the following spells:

 Spells                   Type           Power        Failure   Level  Hunger
 Swiftness                Chrm/Air       ###.....     3%          2    None
 Static Discharge         Conj/Air       ####....     3%          3    None
 Airstrike                Air            ####......   8%          4    ##.....
 Lightning Bolt           Conj/Air       ####......   34%         5    #####..


Dungeon Overview and Level Annotations

Branches:
Dungeon (9/15)             Temple (1/1) D:5             Orc (2/2) D:9
    Elf (1/3) Orc:2
   Lair: D:8-11

Altars:
Ashenzari
Cheibriados
Dithmenos
Elyvilon
Fedhas
Gozag
Hepliaklqana
Kikubaaqudgha
Makhleb
Nemelex Xobeh
Okawaru
Qazlal
Ru
Sif Muna
Trog
Uskayaw
Vehumet
Wu Jian
Xom
Yredelemnul
Zin
The Shining One

Shops:
D:8 :   Orc:1 =

Annotations:
D:3 1 runed door, definar's ghost, amateur HOFE
D:5 Eustachio
Orc:2 Snorg


Innate Abilities, Weirdness & Mutations

You are very small and have problems with some larger weapons.
You are too small for most types of armour.
You have supernaturally acute eyesight. (SInv)
You are a herbivore.
You cover ground extremely quickly.
You need to consume almost no food.


Message History

There's already a cloud there!
You feel better.
The deep elf mage casts a spell.
The deep elf mage blinks!
Casting: Poisonous Vapours (safe; 1% risk of failure)
Confirm with . or Enter, or press ? or * to list all spells.
Aiming: Poisonous Vapours (safe; 1% risk of failure)
Press: ? - help, Dir - move target cursor, f/p - deep elf mage
Aim: a deep elf mage, wielding a short sword (black smoke, heavily wounded, There's already a cloud there!
Casting: Poisonous Vapours (safe; 1% risk of failure)
Confirm with . or Enter, or press ? or * to list all spells.
Aiming: Sting (safe; 1% risk of failure)
Press: ? - help, Shift-Dir - straight line, f/p - deep elf mage
Aim: a deep elf mage, wielding a short sword (black smoke, heavily wounded, The sting hits the deep elf mage.
The deep elf mage looks even sicker.
The deep elf mage is severely wounded.
The deep elf mage casts a spell at you. The bolt of magma hits you!
You die...

#####
#..§#####.#
#.<§§§....#
#@§§§######
#..§e§e§..#
#..§#####.#
##### ...
##... ##)..
##


You could see a deep elf mage.

Vanquished Creatures
  An orc knight (D:9)
  A deep elf mage (Elf:1)
  An orc sorcerer (Orc:1)
  A polar bear (D:9)
  2 trolls (D:9)
  A hippogriff (D:9)
  A hungry ghost (D:9)
  A warg (D:9)
  A hornet zombie (D:8)
  5 ogres
  A black bear (D:9)
  8 orc warriors
  An ice beast (D:7)
  5 centaurs
  2 big kobolds
  2 bullfrogs
  A water moccasin zombie (D:9)
  6 scorpions
  5 killer bees (D:8)
  4 wights (D:8)
  2 howler monkeys
  2 crimson imps (D:7)
  2 bullfrog zombies
  2 centaur zombies
  10 orc wizards
  A gnoll shaman (D:9)
  2 orc priests (Orc:1)
  2 hounds
  7 jellies
  A centaur skeleton (D:6)
  4 iguanas
  Terence (D:2)
  2 hound zombies
  A worker ant zombie (D:8)
  12 gnolls
  12 adders
  3 shadow imps
  3 white imps (D:9)
  2 ufetubi (D:9)
  7 oozes
  5 adder skeletons
  3 worms
  4 dart slugs
  4 leopard geckos
  35 orcs
  5 bats
  5 giant cockroaches
  7 goblins
  9 hobgoblins
  8 jackals
  12 kobolds
  3 quokkas
  A ball python (D:3)
  2 frilled lizards
  A jackal zombie (D:7)
  2 leopard gecko skeletons
  A leopard gecko zombie (D:4)
  A quokka skeleton (D:9)
  10 rats
246 creatures vanquished.

Vanquished Creatures (others)
  2 withered plants (D:3)
2 creatures vanquished.

Grand Total: 248 creatures vanquished

Notes
Turn   | Place    | Note
-------+----------+-------------------------------------------
     0 | D:1      | LunaticDancer the Spriggan Venom Mage began the quest for
                  | the Orb.
     0 | D:1      | Reached XP level 1. HP: 9/9 MP: 5/5
   154 | D:1      | Reached XP level 2. HP: 8/13 MP: 0/6
   882 | D:2      | Reached XP level 3. HP: 16/16 MP: 0/8
   929 | D:2      | Reached skill level 1 in Conjurations
  1142 | D:2      | Found a shadowy altar of Dithmenos.
  1148 | D:2      | Became a worshipper of Dithmenos the Shadowed
  1220 | D:2      | Noticed Terence
  1333 | D:2      | Killed Terence
  1333 | D:2      | Reached skill level 4 in Dodging
  1333 | D:2      | Reached XP level 4. HP: 20/21 MP: 0/10
  1690 | D:2      | Found a shimmering altar of Xom.
  1694 | D:2      | Found a burning altar of Makhleb.
  1821 | D:3      | Found a runed door.
  1822 | D:3      | Noticed definar's ghost (amateur HOFE)
  2096 | D:3      | Reached XP level 5. HP: 13/24 MP: 2/11
  2316 | D:3      | Found an opulent altar of Gozag.
  2450 | D:3      | Reached * piety under Dithmenos
  2477 | D:3      | Found a deep blue altar of Sif Muna.
  2602 | D:3      | Found a glowing silver altar of Zin.
  2667 | D:3      | Reached skill level 5 in Dodging
  2716 | D:4      | Noticed a hungry ghost
  4079 | D:4      | Reached skill level 6 in Dodging
  4079 | D:4      | Reached XP level 6. HP: 17/29 MP: 7/13
  4402 | D:4      | Reached skill level 1 in Fighting
  4742 | D:5      | Entered Level 5 of the Dungeon
  4857 | D:5      | Noticed Eustachio
  5516 | D:5      | Reached skill level 7 in Dodging
  5643 | D:5      | Found a staircase to the Ecumenical Temple.
  5654 | Temple   | Entered the Ecumenical Temple
  6109 | D:5      | Reached XP level 7. HP: 33/33 MP: 6/14
  7197 | D:6      | Reached skill level 5 in Poison Magic
  7234 | D:6      | Reached ** piety under Dithmenos
  7999 | D:6      | Found a sparkling altar of Nemelex Xobeh.
  7999 | D:6      | Found a glowing golden altar of the Shining One.
  8025 | D:6      | Reached skill level 8 in Dodging
  8765 | D:7      | Reached skill level 5 in Spellcasting
  8776 | D:7      | Reached XP level 8. HP: 28/39 MP: 16/16
  8866 | D:7      | Learned a level 2 spell: Poisonous Vapours
  8870 | D:7      | Learned a level 3 spell: Mephitic Cloud
  8876 | D:7      | Learned a level 5 spell: Venom Bolt
  8881 | D:7      | Learned a level 4 spell: Olgreb's Toxic Radiance
  8904 | D:7      | Reached skill level 1 in Polearms
  9286 | D:7      | Learned a level 1 spell: Shock
  9304 | D:7      | Reached skill level 1 in Air Magic
  9356 | D:7      | Reached skill level 9 in Dodging
  9818 | D:8      | Reached XP level 9. HP: 25/42 MP: 14/19
 10675 | D:8      | Reached *** piety under Dithmenos
 11406 | D:8      | Found an ancient bone altar of Kikubaaqudgha.
 11406 | D:8      | Found a blossoming altar of Fedhas.
 11656 | D:8      | Found Loeruss's Book Shop.
 12007 | D:9      | Found a staircase to the Orcish Mines.
 12026 | D:9      | Noticed a polar bear
 12062 | D:9      | Killed a polar bear
 12062 | D:9      | Reached skill level 10 in Dodging
 12414 | D:9      | Reached XP level 10. HP: 47/47 MP: 23/23
 12428 | D:9      | Found a blossoming altar of Fedhas.
 12455 | D:9      | Reached **** piety under Dithmenos
 12586 | D:9      | Found a sacrificial altar of Ru.
 13358 | D:9      | Found a bloodstained altar of Trog.
 13359 | D:9      | Found a hazy altar of Hepliaklqana.
 13414 | Orc:1    | Entered Level 1 of the Orcish Mines
 13426 | Orc:1    | Noticed an orc sorcerer
 13428 | Orc:1    | Noticed an orc knight
 13432 | Orc:1    | Noticed a sun demon
 13439 | Orc:1    | Noticed a sixfirhy
 13524 | D:9      | Killed an orc knight
 13815 | D:9      | Reached skill level 5 in Air Magic
 14032 | Orc:1    | Noticed a smoke demon
 14034 | Orc:1    | Noticed a sixfirhy
 14034 | Orc:1    | Killed an orc sorcerer
 14166 | Orc:1    | Found Bockate's Jewellery Boutique.
 14511 | Orc:2    | Entered Level 2 of the Orcish Mines
 14511 | Orc:2    | Noticed an ettin
 14513 | Orc:2    | Found a staircase to the Elven Halls.
 14513 | Orc:2    | Noticed an orc sorcerer
 14515 | Orc:2    | Noticed a rust devil
 14516 | Orc:2    | Noticed Snorg
 14523 | Elf:1    | Entered Level 1 of the Elven Halls
 14530 | Elf:1    | Noticed a deep elf mage
 14530 | Elf:1    | Noticed a deep elf mage
 14538 | Elf:1    | Killed a deep elf mage
 14538 | Elf:1    | Reached skill level 11 in Dodging
 14554 | Elf:1    | Killed from afar by a deep elf mage

Skill      XL: |  1  2  3  4  5  6  7  8  9 10 |
---------------+-------------------------------+-----
Spellcasting   | 3 4 5 6 8 9 |  9.5
Conjurations   | 1 2 3 |  3.0
Dodging        | 4 6 7 8 9 10 11 | 11.0
Poison Magic   | 4 5 6 7 |  7.4
Fighting       | 1 2 |  2.5
Stealth        | 4 |  4.3
Polearms       | 3 4 |  4.7
Air Magic      | 1 4 5 |  5.3

Action                   |  1- 3 |  4- 6 |  7- 9 | 10-12 || total
-------------------------+-------+-------+-------+-------++-------
Melee: Club              |     3 |       |       |       ||     3
       Whip              |    55 |   203 |   167 |       ||   425
       Trident           |       |       |   213 |    51 ||   264
 Cast: Sting             |    73 |   192 |   124 |     1 ||   390
       Shock             |       |       |   111 |    29 ||   140
       Poisonous Vapours |       |       |   123 |   108 ||   231
  Use: Potion            |       |       |     1 |     1 ||     2
 Stab: Sleeping          |     1 |     1 |     2 |       ||     4
       Distracted        |       |       |     1 |       ||     1
  Eat: Ration            |       |     3 |     3 |     1 ||     7
Armor: Robe              |       |    14 |    14 |     2 ||    30
Dodge: Dodged            |    47 |   249 |   519 |    71 ||   886
